 Dungeon Crawl Stone Soup version 0.23-a0-837-ga3e6480 (webtiles) character file.

58 robertstho the Gusty (level 3, -1/19 HPs)
             Began as a Deep Elf Air Elementalist on Jan 24, 2019.
             Slain by a gnoll
             ... wielding a +0 spear
              (4 damage)
             ... on level 2 of the Dungeon.
             The game lasted 00:03:38 (1085 turns).

robertstho the Gusty (Deep Elf Air Elementalist)    Turns: 1085, Time: 00:03:39

Health: -1/19      AC:  6    Str:  5    XL:     3   Next: 76%
Magic:  0/10       EV: 13    Int: 20    God:
Gold:   11         SH:  0    Dex: 15    Spells: 7/10 levels left

rFire    . . .     SeeInvis .   g - +0 short sword
rCold    . . .     Gourm    .   (no shield)
rNeg     . . .     Faith    .   a - +0 robe
rPois    .         Spirit   .   (no helmet)
rElec    .         Reflect  .   e - +0 cloak
rCorr    .         Harm     .   (no gloves)
MR       .....                  (no boots)
Stlth    ++........             (no amulet)
HPRegen  0.06/turn              (no ring)
MPRegen  0.12/turn              (no ring)

@: no status effects
A: icy blue scales 1, yellow scales 1, deformed body
a: no special abilities


You were on level 2 of the Dungeon.
You were not hungry.

You visited 1 branch of the dungeon, and saw 2 of its levels.

You collected 11 gold pieces.

Inventory:

Hand Weapons
 g - a +0 short sword (weapon)
Missiles
 j - 16 sling bullets
Armour
 a - a +0 robe (worn)
 e - a +0 cloak (worn)
Scrolls
 b - a scroll of identify {unknown}
 d - 2 scrolls of remove curse {unknown}
 h - 4 scrolls of teleportation {unknown}
 i - a scroll of enchant weapon {unknown}
Potions
 k - a potion of might {unknown}
 l - a potion of curing {unknown}
Comestibles
 c - 4 rations


   Skills:
 * Level 2.8 Dodging
 - Level 2.4 Stealth
 * Level 4.0 Spellcasting
 + Level 1.3 Conjurations
 + Level 4.0 Air Magic


You had 7 spell levels left.
You knew the following spells:

 Your Spells              Type           Power        Failure   Level  Hunger
a - Shock                 Conj/Air       ##..         4%          1    None
b - Swiftness             Chrm/Air       ##......     9%          2    #......

Your spell library contained the following spells:

 Spells                   Type           Power        Failure   Level  Hunger
 Static Discharge         Conj/Air       ##......     13%         3    ###....
 Airstrike                Air            ###.......   24%         4    ####...
 Lightning Bolt           Conj/Air       ##........   75%         5    ######.


Dungeon Overview and Level Annotations

Branches:
Dungeon (2/15)

Altars:
Ashenzari


Innate Abilities, Weirdness & Mutations

You are partially covered in icy blue scales. (AC +2)
You are partially covered in yellow scales. (AC +2)
Armour fits poorly on your strangely shaped body.


Message History

Aiming: Shock (safe; 4% risk of failure)
Press: ? - help, Shift-Dir - straight line, f/p - gnoll
Aim: a gnoll, wielding a +0 spear (severely wounded)
The zap hits the gnoll.
The gnoll is almost dead.
The gnoll barely misses you.
The gnoll hits you from afar with a +0 spear.
Casting: Shock (safe; 4% risk of failure)
Confirm with . or Enter, or press ? or * to list all spells.
Aiming: Shock (safe; 4% risk of failure)
Press: ? - help, Shift-Dir - straight line, f/p - gnoll
Aim: a gnoll, wielding a +0 spear (almost dead)
The zap misses the gnoll.
The gnoll hits you but does no damage. The gnoll hits you but does no damage.
You hit the gnoll but do no damage.
The gnoll is almost dead.
The gnoll hits you with a +0 spear.
* * * LOW HITPOINT WARNING * * *
The gnoll hits you from afar with a +0 spear.
You die...

.. ######## .# #..(...#
########)#########......#
#......).##......#......#
#........##......#......#
#........##......#......###
#........#.......'......'..
#....)...#.......#......###
#.......##@##############
####'#####.# #.# #g# #.#
#.#### #.# #....# #.#
###.#.# #.# #.._..# #.#
#.#.### #.# #...#


You could see a gnoll.

Vanquished Creatures
  An adder (D:2)
  2 gnolls (D:2)
  2 worms (D:2)
  A dart slug (D:1)
  A giant cockroach (D:1)
  3 goblins (D:1)
  3 hobgoblins (D:1)
  3 jackals (D:1)
  A bat (D:2)
  2 frilled lizards (D:1)
  2 kobolds
  3 rats
24 creatures vanquished.

Notes
Turn   | Place    | Note
-------+----------+-------------------------------------------
     0 | D:1      | robertstho the Deep Elf Air Elementalist began the quest
                  | for the Orb.
     0 | D:1      | Reached XP level 1. HP: 10/10 MP: 6/6
   279 | D:1      | Reached XP level 2. HP: 9/15 MP: 5/8
   637 | D:2      | Learned a level 2 spell: Swiftness
   667 | D:2      | Gained mutation: Armour fits poorly on your strangely
                  | shaped body. [potion of mutation]
   667 | D:2      | Gained mutation: You are partially covered in yellow
                  | scales. (AC +2) [potion of mutation]
   667 | D:2      | Gained mutation: You are partially covered in icy blue
                  | scales. (AC +2) [potion of mutation]
   669 | D:2      | Reached XP level 3. HP: 19/19 MP: 0/10
  1005 | D:2      | Found a shattered altar of Ashenzari.
  1085 | D:2      | Slain by a gnoll

Vault maps used:
D:1:      lightli_arrival_quake, minivault_11
D:2:      lemuel_crystal_altar

Skill      XL: |  1  2  3 |
---------------+----------+-----
Air Magic      | 4 |  4.0
Spellcasting   | 4 |  4.0
Dodging        | |  2.8
Stealth        | |  2.4
Conjurations   | |  1.3

Action                   || total
-------------------------++-------
Melee: Short sword       ||     4
 Cast: Shock             ||    67
  Use: Potion            ||     2
Armor: Robe              ||     6
Dodge: Dodged            ||    10

Table legend:
 A = Non-vault XP
 B = Vault XP
 C = Vault XP percentage of total XP
 D = Non-vault monster count
 E = Vault monster count
 F = Vault count percentage of total count
                 A         B        C        D         E       F
            +---------+---------+-------+---------+---------+-------
      Total |      84 |       0 |   0.0 |      24 |       0 |   0.0
            +---------+---------+-------+---------+---------+-------
        D:1 |      29 |       0 |   0.0 |      16 |       0 |   0.0
        D:2 |      55 |       0 |   0.0 |       8 |       0 |   0.0
            +---------+---------+-------+---------+---------+-------
